General information
- name: BNet
- type: Ladder team game (AT/RT)
- host: Battle.net
- saver: iggy_the_fisk
map: TranquilPaths
- players: 4
- length: 23:28
- speed: Fast
- version: 1.21 W3XP
- replay type:

» download(138 KB)
Players
team 1 (winner)

»
iggy_the_fisk (
green | 102 APM | 2401 actions | 23:28)
4 Demon Hunter
2 Mana Burn
2 Evasion
3 Keeper of the Grove
2 Entangling Roots
1 Thorns Aura
» actions
| Assign group hotkey | 220 | |
| Basic commands | 17 | |
| Build / train | 104 | |
| Enter build submenu | 23 | |
| Enter hero's abilities submenu | 7 | |
| Give item / drop item | 4 | |
| Remove unit from queue | 7 | |
| Right click | 1224 | |
| Select / deselect | 383 | |
| Select group hotkey | 313 | |
| Use ability | 99 | |
2401 total
» units
| Wisp | 34 | |
| Archer | 5 | |
| Dryad | 10 | |
| Druid of the Claw | 8 | |
| Goblin Zeppelin | 1 | |
58 total
» upgrades
| Abolish Magic | 1 | |
| Strength of the Wild | 3 | |
| Ultravision | 1 | |
| Well Spring | 1 | |
| Druid of the Claw Training | 2 | |
| Mark of the Claw | 1 | |
9 total
» buildings
| Altar of Elders | 1 | |
| Moon Well | 10 | |
| Ancient of War | 1 | |
| Tree of Ages | 1 | |
| Hunter's Hall | 1 | |
| Ancient Protector | 1 | |
| Tree of Life | 2 | |
| Ancient of Lore | 2 | |
| Ancient of Wonders | 2 | |
| Tree of Eternity | 1 | |
22 total
» build order
00:04 Altar of Elders
00:21 Moon Well
01:11 Ancient of War
01:42 Moon Well
02:44 Tree of Ages
03:13 Moon Well
03:44 Moon Well
04:09 Moon Well
04:34 Hunter's Hall
05:58 Ancient Protector
07:06 Tree of Life
07:18 Ancient of Lore
07:31 Ancient of Wonders
09:05 Tree of Eternity
10:06 Ancient of Lore
11:01 Tree of Life
15:32 Moon Well
15:34 Moon Well
16:28 Moon Well
20:19 Ancient of Wonders
20:23 Moon Well
20:24 Moon Well
» items
| Scroll of Town Portal | 5 | |
| Boots of Speed | 1 | |
| Potion of Lesser Invulnerability | 2 | |
| Potion of Healing | 4 | |
| Staff of Preservation | 1 | |
| Scroll of Regeneration | 3 | |
| Staff of Sanctuary | 2 | |
18 total

»
TIMG4STRok (
red | 85 APM | 2003 actions | 23:27)
5 Archmage
3 Summon Water Elemental
2 Brilliance Aura
4 Mountain King
2 Storm Bolt
2 Bash
» actions
| Assign group hotkey | 19 | |
| Basic commands | 102 | |
| Build / train | 114 | |
| ESC pressed | 3 | |
| Enter build submenu | 75 | |
| Enter hero's abilities submenu | 9 | |
| Give item / drop item | 2 | |
| Right click | 670 | |
| Select / deselect | 368 | |
| Select group hotkey | 460 | |
| Use ability | 181 | |
2003 total
» units
| Peasant | 34 | |
| Footman | 4 | |
| Sorceress | 6 | |
| Spell Breaker | 3 | |
| Mortar Team | 4 | |
51 total
» upgrades
| Masonry | 3 | |
| Lumber Harvesting | 2 | |
| Sorceress Training | 2 | |
| Priest Training | 1 | |
| Magic Sentry | 1 | |
| Plating | 1 | |
| Fragmentation Shards | 1 | |
11 total
» buildings
| Altar of Kings | 1 | |
| Barracks | 1 | |
| Farm | 10 | |
| Scout Tower | 61 | |
| Arcane Tower | 2 | |
| Lumber Mill | 3 | |
| Town Hall | 3 | |
| Keep | 1 | |
| Guard Tower | 28 | |
| Arcane Sanctum | 3 | |
| Castle | 1 | |
| Blacksmith | 1 | |
| Arcane Vault | 2 | |
| Workshop | 2 | |
119 total
» build order
00:06 Altar of Kings
00:10 Barracks
00:13 Farm
00:49 Farm
01:29 Scout Tower
01:58 Farm
02:00 Arcane Tower
03:15 Lumber Mill
04:11 Town Hall
04:15 Town Hall
04:19 Scout Tower
04:20 Scout Tower
04:22 Scout Tower
04:25 Scout Tower
04:25 Scout Tower
04:35 Keep
04:46 Guard Tower
04:49 Arcane Tower
04:59 Guard Tower
05:04 Guard Tower
05:32 Scout Tower
06:07 Guard Tower
06:09 Scout Tower
06:45 Scout Tower
06:47 Scout Tower
06:54 Scout Tower
06:55 Scout Tower
07:00 Guard Tower
07:02 Arcane Sanctum
07:03 Arcane Sanctum
07:10 Farm
07:11 Farm
07:18 Scout Tower
07:18 Scout Tower
07:21 Guard Tower
07:42 Guard Tower
07:44 Scout Tower
07:50 Guard Tower
07:55 Lumber Mill
08:17 Guard Tower
08:19 Scout Tower
08:51 Guard Tower
08:53 Scout Tower
08:57 Scout Tower
08:57 Scout Tower
08:59 Scout Tower
08:59 Scout Tower
09:07 Scout Tower
09:07 Scout Tower
09:09 Scout Tower
09:15 Scout Tower
09:16 Scout Tower
09:31 Guard Tower
09:32 Scout Tower
10:08 Guard Tower
10:10 Scout Tower
10:11 Scout Tower
10:11 Scout Tower
10:12 Scout Tower
10:44 Castle
10:56 Guard Tower
11:25 Guard Tower
12:13 Guard Tower
12:15 Scout Tower
12:16 Scout Tower
12:16 Scout Tower
12:18 Scout Tower
12:19 Scout Tower
12:20 Scout Tower
12:27 Scout Tower
12:29 Scout Tower
12:29 Scout Tower
12:31 Scout Tower
12:37 Farm
12:38 Farm
12:40 Farm
12:52 Guard Tower
14:34 Guard Tower
14:36 Blacksmith
14:44 Arcane Vault
15:10 Scout Tower
15:11 Scout Tower
15:13 Guard Tower
15:17 Lumber Mill
15:25 Arcane Vault
15:28 Scout Tower
15:45 Farm
15:50 Guard Tower
16:04 Guard Tower
16:59 Arcane Sanctum
17:23 Guard Tower
18:10 Scout Tower
18:11 Scout Tower
18:13 Scout Tower
18:13 Scout Tower
18:22 Workshop
18:30 Workshop
18:32 Farm
18:42 Guard Tower
19:01 Town Hall
19:09 Scout Tower
19:10 Scout Tower
19:11 Scout Tower
19:12 Scout Tower
19:16 Guard Tower
19:18 Scout Tower
19:20 Scout Tower
19:49 Guard Tower
20:07 Scout Tower
20:09 Scout Tower
20:11 Scout Tower
20:15 Scout Tower
20:16 Scout Tower
20:18 Scout Tower
20:19 Scout Tower
20:42 Guard Tower
20:44 Guard Tower
20:48 Guard Tower
21:16 Guard Tower
» items
| Orb of Fire | 1 | |
| Potion of Healing | 2 | |
| Potion of Mana | 1 | |
| Scroll of Town Portal | 2 | |
| Staff of Sanctuary | 1 | |
7 total
team 2 (loser)
LeveI_50 (
yellow | 109 APM | 2460 actions | 22:34)
4 Blademaster
2 Wind Walk
2 Critical Strike
4 Tauren Chieftain
2 War Stomp
2 Endurance Aura
» actions
| Assign group hotkey | 73 | |
| Basic commands | 258 | |
| Build / train | 66 | |
| ESC pressed | 2 | |
| Enter build submenu | 20 | |
| Enter hero's abilities submenu | 8 | |
| Give item / drop item | 6 | |
| Remove unit from queue | 1 | |
| Right click | 692 | |
| Select / deselect | 556 | |
| Select group hotkey | 705 | |
| Use ability | 73 | |
2460 total
» units
| Peon | 10 | |
| Wind Rider | 6 | |
| Tauren | 9 | |
| Demolisher | 7 | |
| Raider | 1 | |
33 total
» upgrades
| Envenomed Spears | 1 | |
| Ensnare | 1 | |
| Armor | 1 | |
| Ranged Weapons | 1 | |
| Pulverize | 1 | |
| Burning Oil | 1 | |
6 total
» buildings
| Altar of Storms | 1 | |
| Orc Burrow | 6 | |
| War Mill | 1 | |
| Voodoo Lounge | 2 | |
| Stronghold | 1 | |
| Watch Tower | 4 | |
| Fortress | 1 | |
| Beastiary | 2 | |
| Tauren Totem | 1 | |
| Barracks | 1 | |
20 total
» build order
00:07 Altar of Storms
00:11 Orc Burrow
00:41 War Mill
01:13 Voodoo Lounge
01:26 Voodoo Lounge
01:38 Orc Burrow
02:51 Stronghold
02:57 Watch Tower
03:01 Watch Tower
04:06 Watch Tower
04:22 Orc Burrow
04:30 Orc Burrow
05:01 Watch Tower
05:12 Fortress
05:38 Beastiary
05:55 Beastiary
07:34 Tauren Totem
10:09 Barracks
11:39 Orc Burrow
12:23 Orc Burrow
» items
| Healing Salve | 5 | |
| Lesser Clarity Potion | 2 | |
| Orb of Lightning | 2 | |
| Scroll of Town Portal | 3 | |
| Boots of Speed | 1 | |
13 total
Level_50 (
orange | 121 APM | 2837 actions | 23:26)
5 Blademaster
2 Wind Walk
3 Critical Strike
3 Tauren Chieftain
1 Shockwave
2 Endurance Aura
» actions
| Assign group hotkey | 125 | |
| Basic commands | 182 | |
| Build / train | 98 | |
| Enter build submenu | 19 | |
| Enter hero's abilities submenu | 8 | |
| Give item / drop item | 4 | |
| Right click | 1234 | |
| Select / deselect | 305 | |
| Select group hotkey | 741 | |
| Use ability | 121 | |
2837 total
» units
| Peon | 11 | |
| Tauren | 7 | |
| Troll Witch Doctor | 8 | |
| Shaman | 9 | |
35 total
» upgrades
| Witch Doctor Training | 2 | |
| Shaman Training | 2 | |
| Pulverize | 1 | |
| Armor | 2 | |
| Melee Weapons | 1 | |
8 total
» buildings
| Altar of Storms | 1 | |
| Orc Burrow | 7 | |
| War Mill | 1 | |
| Watch Tower | 5 | |
| Stronghold | 1 | |
| Voodoo Lounge | 1 | |
| Fortress | 3 | |
| Spirit Lodge | 2 | |
| Tauren Totem | 2 | |
23 total
» build order
00:08 Altar of Storms
00:10 Orc Burrow
00:49 War Mill
01:22 Orc Burrow
02:01 Watch Tower
02:19 Watch Tower
02:50 Stronghold
03:03 Voodoo Lounge
03:41 Watch Tower
04:00 Watch Tower
04:17 Watch Tower
05:00 Orc Burrow
05:02 Orc Burrow
05:32 Fortress
05:32 Fortress
05:56 Spirit Lodge
06:10 Spirit Lodge
06:56 Orc Burrow
07:55 Tauren Totem
07:59 Tauren Totem
14:42 Orc Burrow
14:43 Orc Burrow
» items
| Healing Salve | 2 | |
| Boots of Speed | 1 | |
| Orb of Lightning | 8 | |
| Lesser Clarity Potion | 3 | |
| Potion of Healing | 4 | |
18 total
Chat log
(23:24 / All) TIMG4STRok: leave